 Dungeon Crawl Stone Soup version 0.29.0-4-gdea44cf6ec (webtiles) character file.

Game seed: 11044308970037834451

65 apoch the Cudgeller (level 4, -3/28 HPs)
             Began as a Gargoyle Fighter on Aug 28, 2022.
             Was a Believer of Cheibriados.
             Slain by an orc
             ... wielding a +0 short sword
              (5 damage)
             ... on level 3 of the Dungeon.
             The game lasted 00:04:22 (2337 turns).

apoch the Cudgeller (Gargoyle Fighter)              Turns: 2337, Time: 00:04:23

Health: -3/28      AC: 10    Str: 26    XL:     4   Next: 13%
Magic:  1/4        EV:  9    Int: 14    God:    Cheibriados [**....]
Gold:   119        SH:  5    Dex: 14    Spells: 3/3 levels left

rFire   . . .      SeeInvis .   a - +0 flail
rCold   . . .      Faith    .   c - +0 buckler
rNeg    + . .      Spirit   .   b - +0 scale mail
rPois   ∞          Reflect  .   (no helmet)
rElec   +          Harm     .   (no cloak)
rCorr   .          Rampage  .   (no gloves)
Will    .....                   (no boots)
Stlth   ..........              (no amulet)
HPRegen 0.09/turn               (no ring)
MPRegen 0.09/turn               (no ring)

@: very slow
A: sickness immunity, AC +3, negative energy resistance 1, electricity
resistance, torment resistance 1, petrification resistance
a: Renounce Religion, Bend Time


You were on level 3 of the Dungeon.
You worshipped Cheibriados.
Cheibriados was pleased with you.
You visited 1 branch of the dungeon, and saw 3 of its levels.

You collected 119 gold pieces.

Inventory:

Hand Weapons
 a - a +0 flail (weapon)
Missiles
 q - 5 poisoned darts (quivered)
Armour
 b - a +0 scale mail (worn)
 c - a +0 buckler (worn)
Scrolls
 g - a scroll of enchant weapon {unknown}
 h - a scroll of vulnerability {unknown}
 j - 2 scrolls of fear {unknown}
 l - a scroll of magic mapping {unknown}
 n - a scroll of poison {unknown}
 p - a scroll of fog {unknown}
 r - a scroll of teleportation {unknown}
 s - a scroll of blinking {unknown}
Potions
 d - 2 potions of might
 e - a potion of attraction {unknown}
 i - a potion of resistance {unknown}
 k - a potion of mutation {unknown}
 m - a potion of curing {unknown}
 o - a potion of brilliance {unknown}
 t - a potion of ambrosia {unknown}


   Skills:
 - Level 3.2 Fighting
 + Level 4.3 Maces & Flails
 - Level 3.2 Armour
 - Level 3.2 Shields


You had 3 spell levels left.
You didn't know any spells.
Your spell library contained the following spells:

 Spells                   Type           Power      Damage    Failure   Level
 Sting                    Tmut/Pois      0%         1d3       65%         1
 Poisonous Vapours        Pois/Air       0%         N/A       78%         2
 Olgreb's Toxic Radiance  Pois           0%         N/A       100%        4


Dungeon Overview and Level Annotations

Branches:
Dungeon (3/15)

Altars:
Cheibriados

Shops:
D:3 *


Innate Abilities, Weirdness & Mutations

You are immune to sickness and miasma.
Your stone body is resilient. (AC +3)
You are immune to poison.
You resist negative energy. (rN+)
You are resistant to electric shocks. (rElec)
You are resistant to unholy torment.
You are immune to petrification.


Message History

You are too injured to fight recklessly!
You are too injured to fight recklessly!
You are too injured to fight recklessly!
You are too injured to fight recklessly!
You are too injured to fight recklessly!
You are too injured to fight recklessly!
You are too injured to fight recklessly!
You are too injured to fight recklessly!
You are too injured to fight recklessly!
You are too injured to fight recklessly!
You hit the orc but do no damage. You block the orc priest's attack.
The orc hits you but does no damage.
The orc priest hits you but does no damage.
The orc completely misses you.
You see here a scroll labelled AWAUPP ENETYQ.
You completely miss the orc priest.
The orc priest mumbles some strange prayers to Beogh against you.
Beogh smites you!
Ouch! That really hurt!
* * * LOW HITPOINT WARNING * * *
You block the orc priest's attack. The orc barely misses you.
Unknown command.
Okay, then.
The flow of time bends around you.
Cheibriados rebukes the orc.
The orc seems to slow down.
Cheibriados rebukes the orc priest.
The orc priest seems to slow down.
The orc priest barely misses you. The orc hits you but does no damage.
You closely miss the orc priest. The orc barely misses you.
The orc priest barely misses you.
You hit the orc priest.
The orc priest is moderately wounded.
You barely miss the orc priest.
The orc priest is moderately wounded.
The orc hits you but does no damage. The orc priest completely misses you.
You completely miss the orc priest.
The orc priest is moderately wounded.
The orc hits you with a +0 short sword.
You die...

#.......##...##
#.......###.##
#####<### #.#
#.# #.# #.# #.#
#.# #.# #.# #.#
######### #.#
#o@oo...# #.#
#.#####.# #.#
#.# #.# #.#
#.#####.###.####
...............#
...............#
.####..###..##.#
#.. #..# .#


You could see 2 orc priests and an orc (slow).

Vanquished Creatures
  A gnoll (D:1)
  A worm (D:2)
  2 dart slugs
  3 orcs (D:3)
  3 endoplasms
  2 giant cockroaches
  4 hobgoblins
  A quokka (D:1)
  10 ball pythons
  7 bats
  A frilled lizard (D:1)
  4 goblins
  4 kobolds
  2 rats
45 creatures vanquished.

Notes
Turn   | Place    | Note
-------+----------+-------------------------------------------
     0 | D:1      | apoch the Gargoyle Fighter began the quest for the Orb.
     0 | D:1      | Reached XP level 1. HP: 14/14 MP: 1/1
   410 | D:1      | Reached XP level 2. HP: 19/19 MP: 2/2
   707 | D:1      | Reached skill level 3 in Maces & Flails
   713 | D:1      | Reached XP level 3. HP: 23/23 MP: 3/3
   845 | D:1      | Found a faded altar of an unknown god.
   891 | D:1      | Prayed at the altar of an unknown god.
   891 | D:1      | Became a worshipper of Cheibriados the Contemplative
   891 | D:1      | Reached * piety under Cheibriados
  1471 | D:2      | Found Odogui's Assorted Antiques.
  1864 | D:2      | Reached ** piety under Cheibriados
  1893 | D:2      | Reached skill level 4 in Maces & Flails
  2084 | D:3      | Found Naethriada's General Store.
  2165 | D:3      | Reached XP level 4. HP: 26/28 MP: 4/4
  2332 | D:3      | HP: 1/28 [orc priest/divine providence (15)]
  2337 | D:3      | Slain by an orc

Illustrated notes

Levels and vault maps discovered:
D:1:      scummos_arrival_forest, layout_loops_corners, basic_ecumenical_altar,
          chequers_serial_rivers_marsh
D:2:      layout_basic, serial_shops, nicolae_shop_advertising_works
          [nicolae_subvault_shop_adworks], amcnicky_mini_corridor_feature
D:3:      layout_loops_ring, gammafunk_ghost_arena, serial_shops,
          nicolae_shop_hallway_plus

Skill      XL: |  1  2  3 |
---------------+----------+-----
Maces & Flails | 3 4 |  4.3
Fighting       | |  3.2
Armour         | |  3.2
Shields        | |  3.2

Action                   |  1- 3 |  4- 6 || total
-------------------------+-------+-------++-------
Melee: Flail             |   104 |    17 ||   121
Throw: Stone             |    39 |    11 ||    50
Invok: Bend Time         |       |     1 ||     1
Armor: Scale mail        |    62 |     5 ||    67
Dodge: Dodged            |    57 |    11 ||    68
Block: Buckler           |    24 |     7 ||    31
